 Dungeon Crawl Stone Soup version 0.31-a0-236-g9a0961fb85 (webtiles) character file.

Game seed: 67681269136838855

21 protoss039 the Digger (level 2, 18/21 HPs)
             Began as a Demonspawn Earth Elementalist on July 10, 2023.
             Got out of the dungeon alive.
             The game lasted 00:01:28 (434 turns).

protoss039 the Digger (DsEE)                         Turns: 434, Time: 00:01:28

Health: 18/21      AC:  2    Str:  8    XL:     2   Next: 62%
Magic:  2/5        EV: 12    Int: 16    God:
Gold:   16         SH:  0    Dex: 13    Spells: 4/5 levels left

rFire   . . .        b - staff of conjuration
rCold   . . .        (no shield)
rNeg    . . .        a - +0 robe
rPois   .            (no helmet)
rElec   .            (no cloak)
rCorr   .            (no gloves)
SInv    .            (no boots)
Will    .....        (no amulet)
Stlth   ++           (no ring)
HPRegen 0.23/turn    (no ring)
MPRegen 0.09/turn

%: no passive effects
@: no status effects
A: spiny 1, inhibited regeneration
a: no special abilities


You escaped.
You visited 1 branch of the dungeon, and saw 2 of its levels.

You collected 16 gold pieces.

Inventory:

Armour
 a - a +0 robe (worn)
Magical Staves
 b - a staff of conjuration (weapon)
Scrolls
 c - a scroll of teleportation {unknown}
 d - a scroll of identify {unknown}
 e - a scroll of enchant armour {unknown}


   Skills:
 + Level 1.2 Fighting
 - Level 1.7 Dodging
 - Level 1.7 Stealth
 + Level 2.3 Spellcasting
 - Level 0.8 Transmutations
 + Level 3.0 Earth Magic


You had 4 spell levels left.
You knew the following spells:

 Your Spells              Type           Power      Damage    Failure   Level
a - Sandblast             Erth           22%        2d7       6%          1

Your spell library contained the following spells:

 Spells                   Type           Power      Damage    Failure   Level
 Passwall                 Tmut/Erth      6%         N/A       14%         2
 Ensorcelled Hibernation  Hex/Ice        2%         N/A       30%         2
 Stone Arrow              Conj/Erth      20%        3d8       32%         3
 Swiftness                Air            1%         N/A       52%         3
 Petrify                  Tmut/Erth      8%         N/A       65%         4


Dungeon Overview and Level Annotations

Branches:
Dungeon (2/15) Zot: 11572

Altars:


Innate Abilities, Weirdness & Mutations

You are partially covered in sharp spines.
You do not regenerate when monsters are visible.


Message History

Casting: Sandblast (safe; 6% risk of failure)
Confirm with . or Enter, or press ? or * to list all spells.
Aiming: Sandblast (safe; 6% risk of failure)
Press: ? - help, Shift-Dir - straight line, f - you That would be overly suicidal.
Okay, then.
Casting: Sandblast (safe; 6% risk of failure)
Confirm with . or Enter, or press ? or * to list all spells.
Aiming: Sandblast (safe; 6% risk of failure)
Press: ? - help, Shift-Dir - straight line, f - kobold
Aim: a kobold, wielding a +0 dagger (77% to hit)
The blast of sand hits the kobold.
The kobold is severely wounded.
Unknown command.
Casting: Sandblast (safe; 6% risk of failure)
Confirm with . or Enter, or press ? or * to list all spells.
Aiming: Sandblast (safe; 6% risk of failure)
Press: ? - help, Shift-Dir - straight line, f/p - kobold
Aim: a kobold, wielding a +0 dagger (severely wounded, 77% to hit)
The blast of sand hits the kobold!
You kill the kobold!
Unknown command.
You can't go up here!
A frilled lizard is nearby!
The frilled lizard hisses angrily.
Casting: Sandblast (safe; 6% risk of failure)
Confirm with . or Enter, or press ? or * to list all spells.
Aiming: Sandblast (safe; 6% risk of failure)
Press: ? - help, Shift-Dir - straight line, f - frilled lizard
Aim: a frilled lizard (70% to hit)
The blast of sand hits the frilled lizard.
You kill the frilled lizard!
Unknown command.
Casting: Sandblast (safe; 6% risk of failure)
Confirm with . or Enter, or press ? or * to list all spells.
You don't have enough magic to cast this spell.
Unknown command.
There is a staircase leading out of the dungeon here.
Are you sure you want to leave the Dungeon?
This will make you lose the game!
You have escaped!

#........#
#####........#
##............#
####...######.#..#
#..#...#..# #.##.#
** #.##...##.#
#.##.# ***,
#......(..#
#..#.#####...
####.#.####
#...........#
#.#.#.#@#
##...###.####
#...+...#
##...##.#
######### #....#.#
##......#
#...†...## *
##.....#..###
####..##........
#..............[
#...............


There were no monsters in sight!

Vanquished Creatures
  An endoplasm (D:1)
  4 jackals (D:1)
  2 kobolds
  A quokka (D:1)
  5 ball pythons
  3 bats
  2 frilled lizards
  A rat (D:1)
19 creatures vanquished.

Notes
Turn   | Place    | Note
-------+----------+-------------------------------------------
     0 | D:1      | protoss039 the Demonspawn Earth Elementalist began the
                  | quest for the Orb.
     0 | D:1      | Reached XP level 1. HP: 13/13 MP: 3/3
   163 | D:1      | Gained mutation: You do not regenerate when monsters are
                  | visible. [potion of mutation]
   303 | D:2      | Gained mutation: You are partially covered in sharp spines.
                  | [demonic ancestry]
   303 | D:2      | Reached XP level 2. HP: 20/20 MP: 0/5
   374 | D:1      | Reached skill level 1 in Fighting
   378 | D:1      | Reached skill level 3 in Earth Magic
   434 | D:$      | Got out of the dungeon alive.

Illustrated notes

Levels and vault maps discovered:
D:1:      onia_arrival_mini_spirals, layout_rooms
D:2:      minmay_skewed_foursquare, layout_basic

Skill      XL: |  1  2 |
---------------+-------+-----
Fighting       | 1 |  1.2
Earth Magic    | 3 |  3.0
Dodging        | |  1.7
Stealth        | |  1.7
Spellcasting   | |  2.3
Transmutations | |  0.8

Action                     || total
---------------------------++-------
  Melee: Unarmed           ||     3
         Staff             ||    11
         Punch             ||     1
   Cast: Sandblast         ||    20
    Use: Potion            ||     3
         Scroll            ||     1
 Armour: Robe              ||    18
  Dodge: Dodged            ||    45

Table legend: (Time is in decaauts)
 A = Elapsed time spent in this place.
 B = Non-inter-level travel time spent in this place.
 C = Inter-level travel time spent in this place.
 D = Time resting spent in this place.
 E = Time spent auto-exploring this place.
 F = Levels seen in this place.
 G = Mean time per level.
                   A        B        C        D        E       F      G
               +--------+--------+--------+--------+--------+-----+--------+
         Total |    427 |    347 |     80 |      0 |    192 |   2 |  213.5 |
       Dungeon |    427 |    347 |     80 |      0 |    192 |   2 |  213.5 |
               +--------+--------+--------+--------+--------+-----+--------+

Top non-repeatable levels by time:
     D:1: 225 daAuts
     D:2: 201 daAuts
